 Dungeon Crawl Stone Soup version 0.21.1-1-g345015fe64 (webtiles) character file.

188 Gargoyl the Skirmisher (level 5, 0/46 HPs)
             Began as a Centaur Abyssal Knight on June 26, 2018.
             Was a Believer of Lugonu.
             Slain by an orc priest (5 damage)
             ... on level 3 of the Dungeon.
             The game lasted 00:04:20 (2655 turns).

Gargoyl the Skirmisher (Centaur Abyssal Knight)     Turns: 2655, Time: 00:04:20

Health: 0/46       AC: 10    Str: 12 (14) XL:     5   Next: 39%
Magic:  7/7        EV:  7    Int:  9 (11) God:    Lugonu [**....]
Gold:   188        SH:  0    Dex:  9 (10) Spells: 4/4 levels left

rFire    . . .     SeeInvis .   a - +1 hand axe
rCold    . . .     Gourm    .   (no shield)
rNeg     . . .     Faith    .   e - +0 scale mail
rPois    .         Spirit   .   d - +0 helmet
rElec    .         Reflect  .   (no cloak)
rCorr    +         Harm     .   j - +1 pair of gloves
MR       .....                  (no barding)
Stlth    ..........             (no amulet)
HPRegen  0.15/turn              h - ring of resist corrosion
MPRegen  0.10/turn              (no ring)

@: very slightly contaminated, invisible, very quick
A: large, hooves 3, deformed body, speed 2, tough skin 3
a: Depart the Abyss, Bend Space, Renounce Religion


You were on level 3 of the Dungeon.
You worshipped Lugonu.
Lugonu was pleased with you.
You were not hungry.

You visited 1 branch of the dungeon, and saw 3 of its levels.
You visited the Abyss 1 time.

You collected 188 gold pieces.

Inventory:

Hand Weapons
 a - a +1 hand axe (weapon)
Missiles
 m - 8 tomahawks (quivered)
Armour
 d - a +0 helmet (worn)
 e - a +0 scale mail (worn)
 j - a +1 pair of gloves (worn)
Jewellery
 h - a ring of resist corrosion (left hand)
 n - an uncursed ring of wizardry {unknown}
Scrolls
 f - 2 scrolls of magic mapping
 k - 3 scrolls of identify
 l - a scroll of teleportation
 q - a scroll of remove curse
Potions
 b - a potion of curing
 i - a potion of brilliance
Comestibles
 c - 7 rations
 o - a chunk of flesh


   Skills:
 + Level 3.7 Fighting
 + Level 2.7 Axes
 * Level 2.8 Armour
 + Level 1.2 Dodging
 * Level 2.9 Invocations


You had 4 spell levels left.
You didn't know any spells.

Dungeon Overview and Level Annotations

Branches:
Dungeon (3/15)

Altars:
Ashenzari


Innate Abilities, Weirdness & Mutations

You have hooves in place of feet.
Armour fits poorly on your strangely shaped body.
You cover ground very quickly.
You have extremely tough skin. (AC +3)


Message History

The orc priest hits you but does no damage.
Unknown command.
You barely miss the orc priest.
You kick the orc priest, but do no damage.
The orc priest is almost dead.
The orc priest hits you.
Unknown command.
You closely miss the orc priest.
The orc priest is almost dead.
The orc priest invokes the aid of Beogh against you.
Pain shoots through your body!
* * * LOW HITPOINT WARNING * * *
You hit the orc priest but do no damage.
The orc priest is almost dead.
The orc priest hits you.
* * * LOW HITPOINT WARNING * * *
You hit the orc priest. Your kick misses the orc priest.
The orc priest is almost dead.
The orc priest hits you.
You die...

#######
##############..@o.#
............##.###.#
###########.##.# #
#.##.# #.##.# #.##.#
#.##.# #.##.# #.##.#


You could see an orc priest.

Vanquished Creatures
  The ghost of WobbleTop the Sneak, a weakling NaEn (D:3)
  7 adders
  A worm (D:2)
  5 dart slugs
  2 leopard geckos (D:1)
  An orc (D:3)
  A ball python (D:2)
  3 bats
  4 giant cockroaches
  7 goblins
  9 hobgoblins
  6 kobolds
  7 frilled lizards
  9 rats
63 creatures vanquished.

Vanquished Creatures (others)
  An orc priest (D:3)
1 creature vanquished.

Grand Total: 64 creatures vanquished

Notes
Turn   | Place    | Note
-------+----------+-------------------------------------------
     0 | Abyss:1  | Gargoyl the Centaur Abyssal Knight began the quest for the Orb.
     0 | Abyss:1  | Reached XP level 1. HP: 19/19 MP: 2/2
     5 | Abyss:1  | Found a corrupted altar of Lugonu.
    47 | Abyss:1  | Found an iron altar of Okawaru.
    76 | Abyss:1  | Noticed a small abomination
    81 | Abyss:1  | Noticed a golden eye
    83 | Abyss:1  | Noticed a large abomination
   111 | Abyss:1  | Found a corrupted altar of Lugonu.
   136 | Abyss:2  | Noticed a worldbinder
   148 | Abyss:2  | Noticed a manticore
   148 | Abyss:2  | Noticed a merfolk siren
   151 | Abyss:2  | Noticed a ynoxinul
   153 | D:1      | Escaped the Abyss
   690 | D:1      | Reached XP level 2. HP: 26/26 MP: 3/3
   754 | D:1      | Reached * piety under Lugonu
   964 | D:1      | Reached XP level 3. HP: 30/31 MP: 4/4
  1425 | D:2      | Reached skill level 1 in Dodging
  1443 | D:2      | Reached XP level 4. HP: 27/39 MP: 5/5
  1642 | D:2      | Reached ** piety under Lugonu
  1940 | D:2      | Found a shattered altar of Ashenzari.
  2391 | D:3      | Noticed WobbleTop's ghost (weakling NaEn)
  2406 | D:3      | Killed WobbleTop's ghost
  2406 | D:3      | Reached XP level 5. HP: 39/46 MP: 7/7
  2655 | D:3      | Slain by an orc priest

Skill      XL: |  1  2  3 |
---------------+----------+-----
Armour         | 2 |  2.8
Dodging        | 1 |  1.2
Axes           | 2 |  2.7
Fighting       | |  3.7
Invocations    | |  2.9

Action                   |  1- 3 |  4- 6 || total
-------------------------+-------+-------++-------
Melee: Hand axe          |   107 |    97 ||   204
       Kick              |    14 |    15 ||    29
Throw: Tomahawk          |       |     3 ||     3
Invok: Depart the Abyss  |     1 |       ||     1
  Use: Scroll            |     3 |     4 ||     7
       Potion            |     2 |     3 ||     5
 Stab: Invisible         |       |     1 ||     1
  Eat: Chunk             |       |     4 ||     4
Armor: Scale mail        |    69 |    52 ||   121
       Leather armour    |     1 |       ||     1
Dodge: Dodged            |    60 |    24 ||    84
